 Dungeon Crawl Stone Soup version 0.31-a0-233-g139696dc86 (webtiles) character file.

Game seed: 7563627091520929457

476 qw the Shooter (level 6, -3/56 HPs)
             Began as a Minotaur Hexslinger on July 8, 2023.
             Slain by a killer bee (5 damage)
             ... on level 4 of the Dungeon.
             The game lasted 00:01:03 (2528 turns).

qw the Shooter (Minotaur Hexslinger)                Turns: 2528, Time: 00:01:03

Health: -3/56      AC:  3    Str: 12    XL:     6   Next: 85%
Magic:  6/6        EV: 12    Int: 10    God:
Gold:   242        SH:  0    Dex: 15    Spells: 6/7 levels left

rFire   + . .        Y - +2 sling
rCold   . . .        (no shield)
rNeg    . . .        a - +0 leather armour {rF+}
rPois   .            (helmet restricted)
rElec   .            (no cloak)
rCorr   .            (no gloves)
SInv    .            (no boots)
Will    +....        d - amulet of faith
Stlth   +            i - +4 ring of slaying {mikee}
HPRegen 0.29/turn    b - ring of willpower
MPRegen 0.10/turn

%: faith
@: lethally poisoned (-3 -> -16)
A: horns 2, retaliatory headbutt
a: no special abilities


You were on level 4 of the Dungeon.
You visited 1 branch of the dungeon, and saw 4 of its levels.

You collected 242 gold pieces.


Innate Abilities, Weirdness & Mutations

You have a pair of horns on your head.
You reflexively headbutt those who attack you in melee.


   Skills:
 - Level 5.0 Fighting
 + Level 6.5 Ranged Weapons
 - Level 1.6 Armour
 - Level 2.1 Dodging
 - Level 1.0 Spellcasting
 - Level 2.0 Hexes


You had 6 spell levels left.
You knew the following spells:

 Your Spells              Type           Power      Damage    Failure   Level
a - Slow                  Hex            16%        N/A       19%         1

Your spell library contained the following spells:

 Spells                   Type           Power      Damage    Failure   Level
 Inner Flame              Hex/Fire       2%         N/A       65%         3
 Portal Projectile        Hex/Tloc       4%         N/A       65%         3
 Cause Fear               Hex            2%         N/A       88%         4

Inventory:

Hand Weapons
 Y - a +2 sling (weapon)
Armour
 a - a +0 leather armour of fire resistance (worn)
 c - a +0 ring mail
 g - the +0 ring mail "Liumyul" {Int+4}
   (You found it on level 4 of the Dungeon)

   Int:       It affects your intelligence (+4).
Jewellery
 b - a ring of willpower (right hand)
 d - an amulet of faith (around neck)
 i - a +4 ring of slaying (left hand) {mikee}
Scrolls
 f - a scroll of identify
Potions
 e - 4 potions of curing
 h - a potion of haste
 k - 2 potions of might {unknown}
 l - 2 potions of resistance

Dungeon Overview and Level Annotations

Branches:
Dungeon (4/15)
 Temple: D:4-7

Altars:


Message History

You headbutt the killer bee. The killer bee barely misses you.
You shoot a sling bullet. The sling bullet misses the killer bee.
You feel sick. The killer bee stings you. The killer bee misses you. x2
You furiously retaliate!
You headbutt the killer bee! The killer bee stings you. x2
The killer bee closely misses you.
You shoot a sling bullet. The sling bullet misses the killer bee.
You feel sick. The killer bee completely misses you.
The killer bee closely misses you. You furiously retaliate!
You headbutt the killer bee, but do no damage.
The killer bee barely misses you. You furiously retaliate!
You headbutt the killer bee. The killer bee misses you.
The killer bee barely misses you. The killer bee stings you.
You are more poisoned.
The killer bee poisons you! The killer bee closely misses you.
You furiously retaliate!
You headbutt the killer bee! The killer bee stings you!
You are lethally poisoned!
The killer bee poisons you! The killer bee barely misses you.
2526 ||| DRINKING potion of heal wounds.
You feel much better.
You feel very sick. The killer bee barely misses you.
The killer bee closely misses you. x2
You furiously retaliate!
You headbutt the killer bee!
You kill the killer bee!
The killer bee stings you. The killer bee barely misses you.
You furiously retaliate!
You headbutt the killer bee! You shoot a sling bullet.
The sling bullet barely misses the killer bee.
The sling bullet hits the endoplasm!
You kill the endoplasm!
You feel very sick. The killer bee stings you!
You are lethally poisoned!
The killer bee poisons you! The killer bee stings you.
The goblin hits you but does no damage. The killer bee closely misses you.
The killer bee barely misses you.
You shoot a sling bullet.
The sling bullet closely misses the killer bee.
You feel very sick. The killer bee stings you.
You die...

## #.. ........ . #..
....... . #... #.....
. ..... '....
....##..: #..#..
#.gy########
#.@y......#
#..######.#########
..........%...)%.....
#####.#####...########
#.. #...# ##. #...#
#####.####...#
#...........##
#.####.######


You could see 2 killer bees and a goblin.

Vanquished Creatures
  A black bear (D:4)
  A phantom (D:2)
  A killer bee (D:4)
  2 orc priests (D:2)
  Ijyb (D:3)
  An iguana (D:4)
  An orc wizard (D:2)
  6 adders
  2 worms
  6 orcs
  6 bats
  A bat skeleton (D:2)
  A bat zombie (D:2)
  7 endoplasms
  2 giant cockroaches (D:3)
  6 hobgoblins
  3 quokkas
  8 ball pythons
  A ball python skeleton (D:2)
  2 frilled lizards
  A giant cockroach zombie (D:2)
  6 goblins
  3 kobolds
  3 rats
72 creatures vanquished.

Notes
Turn   | Place    | Note
-------+----------+-------------------------------------------
     0 | D:1      | qw the Minotaur Hexslinger began the quest for the Orb.
     0 | D:1      | Reached XP level 1. HP: 16/16 MP: 1/1
     0 | D:1      | 0 ||| qw: Version: 0.3-a-46-gb1f654a
     0 | D:1      | 0 ||| qw: Game counter: 3683
     0 | D:1      | 0 ||| qw: Melee chars always use a shield: true
     0 | D:1      | 0 ||| qw: God list: Okawaru
     0 | D:1      | 0 ||| qw: Allow faded altars: false
     0 | D:1      | 0 ||| qw: Do Orc after clearing Dungeon:15 true
     0 | D:1      | 0 ||| qw: Do second Lair branch before Depths: true
     0 | D:1      | 0 ||| qw: Lair rune preference: random
     0 | D:1      | 0 ||| qw: Goals: Normal
     0 | D:1      | 0 ||| PLANNING D:1-11
    73 | D:1      | Found a faded altar of an unknown god.
   145 | D:1      | Reached skill level 3 in Ranged Weapons
   157 | D:1      | Reached XP level 2. HP: 23/23 MP: 2/2
   796 | D:1      | Reached XP level 3. HP: 29/29 MP: 3/3
   939 | D:1      | 939 ||| UPGRADING to +0 leather armour.
   949 | D:1      | 949 ||| DROPPING +0 robe.
   950 | D:1      | 950 ||| UPGRADING to amulet of faith.
   955 | D:1      | 955 ||| UPGRADING to +4 ring of slaying {mikee}.
   956 | D:1      | 956 ||| READING scroll labelled NIH NE HYSTRIRA.
  1009 | D:1      | 1009 ||| READING scroll labelled TOUHEX BEBIXEHAUT.
  1010 | D:1      | 1010 ||| READING scroll labelled GURIHO ITAISA.
  1011 | D:1      | 1011 ||| DRINKING 2 brown potions.
  1012 | D:1      | 1012 ||| DRINKING 2 silvery potions.
  1013 | D:1      | 1013 ||| DRINKING 2 sedimented amethyst potions.
  1014 | D:1      | 1014 ||| DROPPING scroll of poison.
  1074 | D:2      | Noticed a phantom
  1082 | D:2      | Killed a phantom
  1083 | D:2      | Reached skill level 5 in Ranged Weapons
  1083 | D:2      | Reached XP level 4. HP: 30/36 MP: 4/4
  1276 | D:2      | Reached skill level 3 in Fighting
  1280 | D:2      | Reached XP level 5. HP: 45/45 MP: 5/5
  1383 | D:2      | 1383 ||| FLEEEEING.
  1394 | D:2      | 1394 ||| FLEEEEING.
  1395 | D:2      | 1395 ||| FLEEEEING.
  1396 | D:2      | 1396 ||| FLEEEEING.
  1397 | D:2      | 1397 ||| FLEEEEING.
  1398 | D:2      | 1398 ||| FLEEEEING.
  1399 | D:2      | 1399 ||| FLEEEEING.
  1400 | D:2      | 1400 ||| FLEEEEING.
  1402 | D:2      | 1402 ||| FLEEEEING.
  1403 | D:2      | 1403 ||| FLEEEEING.
  1404 | D:2      | 1404 ||| FLEEEEING.
  1405 | D:2      | 1405 ||| FLEEEEING.
  1406 | D:2      | 1406 ||| FLEEEEING.
  1407 | D:2      | 1407 ||| FLEEEEING.
  1408 | D:2      | 1408 ||| FLEEEEING.
  1409 | D:2      | 1409 ||| FLEEEEING.
  1410 | D:2      | 1410 ||| FLEEEEING.
  1416 | D:2      | 1416 ||| FLEEEEING.
  1417 | D:2      | 1417 ||| FLEEEEING.
  1418 | D:2      | 1418 ||| STAIRDANCE
  1439 | D:1      | 1439 ||| UPGRADING to +0 ring mail.
  1449 | D:1      | 1449 ||| DROPPING +0 leather armour.
  1450 | D:1      | 1450 ||| UPGRADING to ring of willpower.
  1451 | D:1      | 1451 ||| READING scroll labelled TYSIODAYRONK.
  1460 | D:2      | Reached skill level 1 in Armour
  1546 | D:2      | Reached skill level 6 in Ranged Weapons
  1642 | D:3      | Noticed Ijyb
  1648 | D:3      | HP: 4/45 [Ijyb/bolt of light (19)]
  1649 | D:3      | 1649 ||| DRINKING 2 potions of heal wounds.
  1653 | D:3      | 1653 ||| DRINKING potion of heal wounds.
  1655 | D:3      | Killed Ijyb
  1656 | D:3      | Reached XP level 6. HP: 35/51 MP: 6/6
  2112 | D:3      | 2112 ||| UPGRADING to +0 leather armour of fire resistance.
  2122 | D:3      | 2122 ||| READING scroll labelled BIOPLAGIOS.
  2123 | D:3      | 2123 ||| READING scroll labelled LYD VEKINK.
  2224 | D:3      | 2224 ||| READING 2 scrolls of identify.
  2224 | D:3      | 2224 ||| IDENTIFYING coppery potion
  2264 | D:4      | Identified the +0 ring mail "Liumyul" {Int+4}
  2379 | D:4      | 2379 ||| FLEEEEING.
  2525 | D:4      | HP: 10/56 [killer bee (7)]
  2526 | D:4      | 2526 ||| DRINKING potion of heal wounds.
  2528 | D:4      | HP: 2/56 [poisoned by a killer bee]
  2528 | D:4      | Slain by a killer bee

Levels and vault maps discovered:
D:1:      saegor_arrival_simple_c, layout_basic,
          nicolae_ecumenical_snake_handling, serial_park_tiny_1,
          nicolae_eternal_life
D:2:      minmay_evil_eye, layout_rooms, serial_undead, serial_undead_a,
          serial_undead_c, serial_undead_a, serial_undead_a
D:3:      layout_rooms, uniq_ijyb
D:4:      layout_basic, serial_shops, nicolae_shop_getting_attention

Skill      XL: |  1  2  3  4  5  6 |
---------------+-------------------+-----
Ranged Weapons | 3 5 6 |  6.5
Fighting       | 2 3 5 |  5.0
Armour         | 1 |  1.6
Dodging        | |  2.1
Spellcasting   | |  1.0
Hexes          | |  2.0

Action                     |  1- 3 |  4- 6 || total
---------------------------+-------+-------++-------
   Fire: Sling             |    72 |   119 ||   191
    Use: Potion            |     3 |     3 ||     6
         Scroll            |     3 |     4 ||     7
 Armour: Robe              |     3 |       ||     3
         Leather armour    |       |     9 ||     9
         Ring mail         |       |     8 ||     8
  Dodge: Dodged            |    21 |    63 ||    84

Table legend:
 A = Non-vault XP
 B = Vault XP
 C = Vault XP percentage of total XP
 D = Non-vault monster count
 E = Vault monster count
 F = Vault count percentage of total count
                 A         B        C        D         E       F
            +---------+---------+-------+---------+---------+-------
      Total |     616 |      65 |   9.5 |      61 |      11 |  15.3
            +---------+---------+-------+---------+---------+-------
        D:1 |      40 |       2 |   4.8 |      24 |       2 |   7.7
        D:2 |     276 |      27 |   8.9 |      16 |       8 |  33.3
        D:3 |      53 |      36 |  40.4 |      12 |       1 |   7.7
        D:4 |     247 |       0 |   0.0 |       9 |       0 |   0.0
            +---------+---------+-------+---------+---------+-------
